 Dungeon Crawl Stone Soup version bcrawl-1.27.8b (webtiles) character file.

Game seed: 956965416241797727

259642 Baz the Basher (level 10, -4/86 HPs)
             Began as a Sand Dwarf Earth Elementalist on Nov 8, 2020.
             Was a Believer of Kikubaaqudgha.
             Slain by a centaur warrior (11 damage)
             ... on level 7 of the Dungeon.
             The game lasted 00:19:50 (8544 turns).

Baz the Basher (Sand Dwarf Earth Elementalist)      Turns: 8544, Time: 00:19:51

Health: -4/86      AC: 15    Str: 17    XL:     10   Next: 17%
Magic:  13/13      EV: 11    Int: 15    God:    Kikubaaqudgha [**....]
Gold:   493        SH:  5    Dex: 11    Spells: 1/13 levels left

rFire    . . .     SeeInvis .   c - +0 dagger (elec)
rCold    + . .     Gourm    .   N - +0 buckler
rNeg     . . .     Faith    .   F - +2 ring mail {rPois}
rPois    +         Spirit   .   (no helmet)
rElec    .         Reflect  .   (no cloak)
rCorr    .         Harm     .   v - +0 pair of gloves
MR       +....                  I - +0 pair of boots
Stlth    +.........             (no amulet)
HPRegen  0.24/turn              i - +4 ring of protection
MPRegen  0.13/turn              y - ring of protection from cold

@: slow
A: small, slowness 1, armour attunement
a: Receive Corpses, Renounce Religion


You were on level 7 of the Dungeon.
You worshipped Kikubaaqudgha.
Kikubaaqudgha was pleased with you.
You were not hungry.

You visited 2 branches of the dungeon, and saw 8 of its levels.
You also visited: Ossuary.

You collected 583 gold pieces.
You spent 90 gold pieces at shops.

Inventory:

Hand Weapons
 c - a +0 dagger of electrocution (weapon)
 o - a +0 whip
 s - a +0 morningstar
Missiles
 b - 222 stones (quivered)
Armour
 v - a +0 pair of gloves (worn)
 F - a +2 ring mail of poison resistance (worn)
 I - a +0 pair of boots (worn)
 K - the +3 leather armour of Misait {rF+ rN+ Dex+4, unknown}
   (You found it on level 6 of the Dungeon)

   It affects your dexterity (+4).
   It protects you from fire.
   It protects you from negative energy.
 N - a +0 buckler (worn)
Magical Staves
 w - an uncursed staff of conjuration
Jewellery
 i - a +4 ring of protection (left hand)
 n - the ring of Liberty {Ice rPois MR+ Dex-5}
   (You took it off a kobold on level 3 of the Dungeon)

   [ring of ice]

   It enhances your ice magic.
   It affects your dexterity (-5).
   It makes you vulnerable to fire.
   It protects you from cold.
   It protects you from poison.
   It affects your resistance to hostile enchantments.
 y - a ring of protection from cold (right hand)
 L - an uncursed ring of ice {unknown}
Wands
 g - a wand of iceblast (17)
 k - a wand of acid (6)
 u - a wand of polymorph (13)
 E - a wand of paralysis (11)
 O - a wand of clouds (3)
Scrolls
 d - 5 scrolls of remove curse
 h - 2 scrolls of fog
 j - 3 scrolls of fear
 l - 5 scrolls of noise {unknown}
 p - a scroll of blinking
 t - 6 scrolls of teleportation
 B - a scroll of amnesia {unknown}
 C - 3 scrolls of immolation {unknown}
 D - 2 scrolls of identify
 H - a scroll of magic mapping {unknown}
 J - a scroll of enchant armour {unknown}
 M - a scroll of brand weapon {unknown}
 P - a scroll of enchant weapon {unknown}
Potions
 a - 6 potions of heal wounds
 f - 2 potions of haste
 m - 4 potions of curing
 q - 3 potions of flight
 r - 2 potions of mutation {unknown}
 x - 2 potions of resistance {unknown}
 z - 4 potions of brilliance {unknown}
 A - 2 potions of agility {unknown}
 G - 2 potions of berserk rage {unknown}
Comestibles
 e - 14 rations {!d}


   Skills:
 + Level 7.6 Fighting
 * Level 12.1 Maces & Flails
 - Level 6.7 Armour
 - Level 1.5 Dodging
 - Level 1.5 Stealth
 + Level 2.6 Shields
 - Level 2.4 Spellcasting
 + Level 4.7 Necromancy
   Level 0.7 Transmutations
 - Level 6.1 Earth Magic


You had one spell level left.
You knew the following spells:

 Your Spells              Type           Power        Failure   Level  Hunger
a - Sandblast             Erth           ###...       4%          1    None
b - Stone Arrow           Conj/Erth      ##....       45%         3    ####...
c - Lee's Rapid Deconstr  Erth           ###.......   80%         5    #######
d - Regeneration          Chrm/Necr      #.........   56%         3    ####...

Your spell library contained the following spells:

 Spells                   Type           Power        Failure   Level  Hunger
 Animate Skeleton         Necr           N/A          9%          1    None
 Pain                     Necr           ###...       9%          1    None
 Corpse Rot               Necr           N/A          13%         2    ##.....
 Passwall                 Tmut/Erth      ##......     22%         2    ##.....
 Petrify                  Tmut/Erth      ##........   83%         4    ######.


Dungeon Overview and Level Annotations

Branches:
Dungeon (7/12)             Temple (1/1) D:4
   Lair: D:7-9

Altars:
Ashenzari
Cheibriados
Dithmenos
Elyvilon
Fedhas
Gozag
Hepliaklqana
Kikubaaqudgha
Makhleb
Nemelex Xobeh
Qazlal
Ru
Sif Muna
Trog
Uskayaw
Vehumet
Wu Jian
Xom
Zin
The Shining One

Shops:
D:4 }   D:5 *

Annotations:
D:5 2 runed doors


Innate Abilities, Weirdness & Mutations

You are small and have problems with some larger weapons.
You cover ground slowly.
Armour does not affect your spellcasting.


Message History

The centaur warrior is lightly wounded.
The centaur warrior hits you but does no damage.
The centaur warrior hits you.
You hit the centaur warrior.
The centaur warrior is lightly wounded.
The centaur warrior hits you!
You barely miss the centaur warrior.
The centaur warrior is lightly wounded.
The centaur warrior hits you! x2
* * * LOW HITPOINT WARNING * * *
You hit the centaur warrior but do no damage.
Lightning courses through the centaur warrior!
The centaur warrior is moderately wounded.
The centaur warrior hits you!
* * * LOW HITPOINT WARNING * * *
You hit the centaur warrior.
The centaur warrior is heavily wounded.
The centaur warrior hits you!
You die...
Kikubaaqudgha rasps: "You have failed me!
Welcome... death!"

......#†##.#########
......#†##.#
......#≈##.#
##..###.##.#
##..##.##.#
#..##.##.#
#..##.##.#
##.##.##.#########
#..#.#.......@c.#
##>#.##########.#
#####'#....# #.#
.........#.# #.#
.........#.# #.#
.........#.# #.#
.........+.# #.#
...).....### #c#
.........# #.#


You could see a centaur warrior.

Vanquished Creatures
  A troll (D:7)
  Grinder (D:5)
  2 hippogriffs (D:6)
  A wraith (Ossuary)
  Duvessa (D:4)
  2 black bears
  An orc warrior (D:7)
  A phantom (D:5)
  3 sky beasts
  An ice beast (D:6)
  A necrophage (D:7)
  3 ogres
  A centaur (D:6)
  2 bullfrogs (D:6)
  A big kobold (D:6)
  Dowan (D:4)
  A scorpion (D:5)
  6 killer bees (D:7)
  4 crimson imps
  5 hounds
  3 bullfrog skeletons
  2 orc priests
  A centaur skeleton (D:7)
  Natasha (thrice) (D:3)
  5 worker ants
  An orc wizard (D:4)
  A hound skeleton (D:6)
  3 mummies (Ossuary)
  A worker ant zombie (D:7)
  A howler monkey skeleton (D:5)
  9 adders
  7 gnolls (D:3)
  2 oozes
  An adder skeleton (D:6)
  An adder zombie (D:7)
  4 worms
  2 dart slugs (D:1)
  2 leopard geckos
  19 orcs
  A ball python (D:2)
  8 bats
  3 giant cockroaches
  7 goblins
  10 hobgoblins
  18 jackals
  16 kobolds
  3 quokkas
  6 frilled lizards
  A gnoll zombie (Ossuary)
  4 goblin zombies (Ossuary)
  4 hobgoblin zombies (Ossuary)
  A jackal zombie (D:5)
  5 kobold zombies (Ossuary)
  A quokka skeleton (D:3)
  A quokka zombie (D:5)
  8 rats
204 creatures vanquished.

Vanquished Creatures (others)
  A wizard (D:5)
1 creature vanquished.

Grand Total: 205 creatures vanquished

Notes
Turn   | Place    | Note
-------+----------+-------------------------------------------
     0 | D:1      | Baz the Sand Dwarf Earth Elementalist began the quest for
                  | the Orb.
     0 | D:1      | Reached XP level 1. HP: 14/14 MP: 3/3
   135 | D:1      | Reached XP level 2. HP: 22/22 MP: 3/5
   165 | D:1      | Reached skill level 1 in Fighting
   165 | D:1      | Reached skill level 1 in Armour
   463 | D:1      | Reached XP level 3. HP: 28/28 MP: 4/6
  1587 | D:2      | Found a shimmering blue altar of Sif Muna.
  1588 | D:2      | Found a blossoming altar of Fedhas.
  1602 | D:2      | Reached XP level 4. HP: 36/36 MP: 7/7
  1686 | D:2      | Reached skill level 1 in Maces & Flails
  1707 | D:2      | Found a radiant altar of Vehumet.
  1845 | D:2      | Found a shadowy altar of Dithmenos.
  2060 | D:2      | Found a burning altar of Makhleb.
  2060 | D:2      | Noticed a blizzard demon
  2063 | D:2      | Noticed an orange demon
  2063 | D:2      | Noticed a smoke demon
  2337 | D:3      | Reached skill level 2 in Maces & Flails
  2404 | D:3      | Reached XP level 5. HP: 41/41 MP: 8/8
  2421 | D:3      | Noticed Natasha
  2436 | D:3      | Killed Natasha
  2436 | D:3      | Reached skill level 3 in Maces & Flails
  2472 | D:3      | Noticed Natasha
  2484 | D:3      | Killed Natasha
  2498 | D:3      | Noticed Natasha
  2507 | D:3      | Killed Natasha
  2740 | D:3      | Reached XP level 6. HP: 40/50 MP: 9/9
  2744 | D:3      | Identified the ring of Liberty {Ice rPois MR+ Dex-5}
  2750 | D:3      | Reached skill level 4 in Maces & Flails
  2833 | D:3      | Reached skill level 5 in Earth Magic
  2962 | D:3      | Learned a level 3 spell: Stone Arrow
  3182 | D:4      | Noticed Duvessa
  3182 | D:4      | Noticed Dowan
  3199 | D:4      | Killed Duvessa
  3199 | D:4      | Reached skill level 5 in Maces & Flails
  3199 | D:4      | Reached XP level 7. HP: 45/57 MP: 0/10
  3369 | D:4      | Killed Dowan
  3396 | D:4      | Found a staircase to the Ecumenical Temple.
  3528 | D:4      | Reached skill level 6 in Maces & Flails
  3552 | D:4      | Found a sand-covered staircase.
  3561 | Ossuary  | Entered an ossuary
  3561 | Ossuary  | Noticed a wraith
  3561 | Ossuary  | Noticed a wraith
  3561 | Ossuary  | Noticed a wraith
  3721 | Ossuary  | Noticed a wraith
  3736 | Ossuary  | Killed a wraith
  4147 | D:4      | Reached XP level 8. HP: 67/67 MP: 11/11
  4150 | D:4      | Reached skill level 7 in Maces & Flails
  4251 | D:4      | Found a shattered altar of Ashenzari.
  4290 | Temple   | Entered the Ecumenical Temple
  4648 | Temple   | Became a worshipper of Kikubaaqudgha
  4655 | Temple   | Learned a level 5 spell: Lee's Rapid Deconstruction
  4795 | D:4      | Found Foexzyup's Gadget Shop.
  4868 | D:4      | Found a sparkling altar of Nemelex Xobeh.
  4974 | D:5      | Entered Level 5 of the Dungeon
  4974 | D:5      | Noticed Grinder
  5155 | D:5      | Killed Grinder
  5155 | D:5      | Reached skill level 5 in Fighting
  5155 | D:5      | Reached skill level 8 in Maces & Flails
  5155 | D:5      | Reached skill level 5 in Armour
  5155 | D:5      | Reached skill level 1 in Necromancy
  5312 | D:5      | Found a runed door.
  5363 | D:5      | Found a runed door.
  5453 | D:5      | Found a hazy altar of Hepliaklqana.
  5546 | D:5      | Reached skill level 9 in Maces & Flails
  5616 | D:5      | Found a glowing silver altar of Zin.
  5616 | D:5      | Noticed an angel
  5699 | D:5      | Reached XP level 9. HP: 75/75 MP: 12/12
  5739 | D:5      | Found Necigey's General Store.
  5747 | D:5      | Bought 2 scrolls of teleportation for 90 gold pieces
  6014 | D:5      | Found a bloodstained altar of Trog.
  6017 | D:5      | Noticed a wizard
  6022 | D:5      | Killed a wizard
  6293 | D:6      | Reached skill level 10 in Maces & Flails
  6349 | D:6      | Got an encrusted leather armour
  6410 | D:6      | Reached * piety under Kikubaaqudgha
  6410 | D:6      | Identified Kikubaaqudgha's Tome of Unholy Arts
                  | (Kikubaaqudgha gifted it to you on level 6 of the Dungeon)
  6410 | D:6      | Received a gift from Kikubaaqudgha
  6448 | D:6      | Learned a level 3 spell: Regeneration
  7461 | D:7      | Reached skill level 11 in Maces & Flails
  7608 | D:7      | Reached skill level 1 in Shields
  7796 | D:7      | Reached XP level 10. HP: 82/86 MP: 0/13
  7998 | D:7      | Reached skill level 12 in Maces & Flails
  8021 | D:7      | Reached ** piety under Kikubaaqudgha
  8528 | D:7      | Noticed a centaur warrior
  8544 | D:7      | Slain by a centaur warrior

Skill      XL: |  1  2  3  4  5  6  7  8  9 10 |
---------------+-------------------------------+-----
Fighting       | 1 2 3 4 5 7 |  7.6
Armour         | 1 2 3 4 5 6 |  6.7
Earth Magic    | 4 5 6 |  6.1
Maces & Flails | 2 3 5 6 9 11 12 | 12.1
Necromancy     | 2 4 |  4.7
Shields        | 2 |  2.6
Dodging        | |  1.5
Stealth        | |  1.5
Spellcasting   | |  2.4
Transmutations | |  0.7

Action                   |  1- 3 |  4- 6 |  7- 9 | 10-12 || total
-------------------------+-------+-------+-------+-------++-------
Melee: Unarmed           |    36 |       |       |       ||    36
       Dagger            |    78 |   183 |   446 |    88 ||   795
       Whip              |    24 |    26 |       |       ||    50
       Morningstar       |       |       |     7 |       ||     7
 Cast: Sandblast         |    43 |     2 |    36 |    15 ||    96
       Stone Arrow       |       |     3 |    18 |       ||    21
  Use: Scroll            |       |     5 |       |       ||     5
       Potion            |       |       |     5 |       ||     5
  Eat: Chunk             |     7 |    11 |    24 |     8 ||    50
       Ration            |       |       |     2 |       ||     2
Armor: Robe              |     1 |       |       |       ||     1
       Ring mail         |    88 |    64 |   213 |    59 ||   424
Dodge: Dodged            |   161 |   120 |   386 |    60 ||   727
Block: Buckler           |       |       |       |    27 ||    27
